 Dungeon Crawl Stone Soup version 0.20-a0-903-g7e3609c (webtiles) character file.

254 krigyl the Twirler (level 5, -1/42 HPs)
             Began as a Mummy Gladiator on Mar 21, 2017.
             Slain by an adder (2 damage)
             ... in a sewer.
             The game lasted 00:05:45 (3067 turns).

krigyl the Twirler (Mummy Gladiator)                Turns: 3067, Time: 00:05:46

Health: -1/42      AC:  6    Str: 17    XL:     5   Next: 91%
Magic:  5/5        EV:  9    Int:  8    God:
Gold:   126        SH:  0    Dex: 14    Spells: 4/4 levels left

rFire    x . .     SeeInvis .   a - +0 quarterstaff
rCold    + . .     Gourm    .   m - +0 leather armour
rNeg     + + +     Faith    .   (shield currently unavailable)
rPois    ∞         Spirit   .   c - +0 helmet
rElec    .         Reflect  .   i - +1 cloak
rCorr    .         Harm     .   (no gloves)
MR       .....                  (no boots)
Stlth    +.........             (no amulet)
Regen    0.2/turn               (no ring)
MPRegen  0.1/turn               (no ring)

@: constricted, very slow
A: no food or potions, fire vulnerability, cold resistance 1, negative energy
resistance 3, torment resistance, unbreathing
a: no special abilities


You were in a sewer.
You were not hungry.

You visited 1 branch of the dungeon, and saw 3 of its levels.
You also visited: Sewer.

You collected 126 gold pieces.

Inventory:

Hand Weapons
 a - a +0 quarterstaff (weapon)
 b - a +0 hunting sling
Missiles
 d - 3 throwing nets
 g - 5 poisoned javelins (quivered)
 h - 32 sling bullets
Armour
 c - a +0 helmet (worn)
 i - a +1 cloak (worn)
 m - a +0 leather armour (worn)
Jewellery
 f - an uncursed ring of resist corrosion {unknown}
Scrolls
 e - a scroll of enchant weapon
 j - a scroll of identify {@r1}
 n - 3 scrolls of magic mapping
 o - a scroll of fog


   Skills:
 + Level 4.1 Fighting
 * Level 4.5 Staves
 - Level 1.5 Throwing
 - Level 2.4 Dodging


You had 4 spell levels left.
You didn't know any spells.

Dungeon Overview and Level Annotations

Branches:
Dungeon (3/15)

Altars:
Ashenzari
Xom


Innate Abilities, Weirdness & Mutations

You do not eat or drink.
Your flesh is vulnerable to fire.
You are immune to poison.
Your flesh is cold resistant. (rC+)
You are immune to negative energy. (rN+++)
You are immune to unholy pain and torment.
You can survive without breathing.


Message History

A ball python comes into view.
You escape the ball python's grasp.
The ball python hisses angrily.
The adder barely misses you. The bullfrog barely misses you.
The bullfrog hits you but does no damage.
The bullfrog barely misses you.
The ball python bites you but does no damage.
The ball python grabs you. The ball python constricts you.
The adder completely misses you. The adder barely misses you.
The bullfrog hits you but does no damage.
As you read the scroll labeled BIQICL JIWUMNY, it crumbles to dust.
It is a scroll of enchant armour.
Your +0 cloak glows green for a moment.
The bullfrog releases a deep croak.
The bullfrog hits you but does no damage.
The ball python bites you but does no damage.
The adder bites you but does no damage.
The ball python bites you but does no damage.
The ball python constricts you. The adder bites you.
You die...

###################****
###..≈≈≈≈≈≈≈≈≈≈≈≈≈≈≈#.,,**
##...≈≈≈≈≈≈≈FS.≈≈≈≈≈≈≈S,,,*
#....≈≈≈≈≈§SS@S#≈≈≈≈≈≈F,,,*
#....≈≈lS≈§lSFS≈≈≈≈≈≈SS,,,*
##....†≈F≈≈§§§S≈≈≈≈≈≈≈≈.,,,*
#...F.#≈≈≈≈≈≈§§≈≈≈≈≈≈≈..,,**
#....###################*+**
##...#### *,,,* #..†.#..#
*,∩,* #....'..# *,,,*
#...##### *****


You could see 2 bullfrogs, 2 adders, 5 ball pythons and a frilled lizard.

Vanquished Creatures
  An orc priest (D:3)
  8 adders
  5 river rats (Sewer)
  2 oozes
  5 worms
  A dart slug (D:3)
  2 leopard geckos (D:3)
  4 orcs
  6 ball pythons (Sewer)
  3 giant cockroaches
  A goblin (D:1)
  9 hobgoblins
  3 jackals (D:2)
  4 kobolds
  2 quokkas (D:2)
  5 bats
  2 frilled lizards
  27 rats
90 creatures vanquished.

Notes
Turn   | Place    | Note
-------+----------+-------------------------------------------
     0 | D:1      | krigyl the Mummy Gladiator began the quest for the Orb.
     0 | D:1      | Reached XP level 1. HP: 16/16 MP: 1/1
    23 | D:1      | Found a shimmering altar of Xom.
   614 | D:2      | Reached XP level 2. HP: 23/23 MP: 2/2
   894 | D:2      | Reached XP level 3. HP: 21/28 MP: 3/3
  1350 | D:2      | Reached XP level 4. HP: 35/35 MP: 4/4
  1546 | D:2      | Found a shattered altar of Ashenzari.
  2115 | D:3      | Reached XP level 5. HP: 41/41 MP: 5/5
  2219 | D:3      | Found a glowing drain.
  2240 | Sewer    | Entered a sewer
  3065 | Sewer    | HP: 2/42 [ball python (2)]
  3067 | Sewer    | Slain by an adder

Vault maps used:
D:1:      dpeg_arrival_ternary, columned_hall_lemuel, amethyst_killhole,
          xom_teletrap_fun
D:2:      lemuel_coloured_pillars_altar, first_bread, eino_tiny_chamber
D:3:      gup_sewer_entry_bubbles, minmay_ogre_servants
Sewer:    sewer_minmay_w

Skill      XL: |  1  2  3  4  5 |
---------------+----------------+-----
Staves         | 3 4 |  4.5
Fighting       | 3 4 |  4.1
Throwing       | |  1.5
Dodging        | |  2.4

Action                   |  1- 3 |  4- 6 || total
-------------------------+-------+-------++-------
Melee: Quarterstaff      |    92 |   206 ||   298
  Use: Scroll            |       |     6 ||     6
Armor: Leather armour    |    35 |    85 ||   120
Dodge: Dodged            |    78 |   180 ||   258
